 Dungeon Crawl Stone Soup version 0.30-b1-2-g02819fbbbe (webtiles) character file.

Game seed: 2435028139102746949

7 Alarkh the Sneak (level 1, -1/18 HPs)
             Began as a Demonspawn Delver on May 22, 2023.
             Killed from afar by an orc wizard (5 damage)
             ... with a puff of flame
             ... on level 4 of the Dungeon.
             The game lasted 00:01:03 (188 turns).

Alarkh the Sneak (Demonspawn Delver)                 Turns: 188, Time: 00:01:03

Health: -1/18      AC:  6    Str: 12    XL:     1   Next: 83%
Magic:  1/1        EV:  9    Int: 11    God:
Gold:   13         SH:  0    Dex: 14    Spells: 0/0 levels left

rFire   . .          .
                       - Unarmed
rCold   . . .        (no shield)
rNeg    . . .        j - +0 scale mail
rPois   .            (no helmet)
rElec   .            (no cloak)
rCorr   .            (no gloves)
SInv    .            (no boots)
Will    .....        (no amulet)
Stlth   +            (no ring)
HPRegen 0.23/turn    (no ring)
MPRegen 0.07/turn

%: no passive effects
@: no status effects
A: no striking features
a: no special abilities


You were on level 4 of the Dungeon.
You visited 1 branch of the dungeon, and saw 2 of its levels.

You collected 13 gold pieces.

Inventory:

Armour
 a - a +0 leather armour
 j - a +0 scale mail (worn)
Wands
 f - a wand of digging (2)
Scrolls
 b - a scroll of fog
 c - a scroll of acquirement {unknown}
 h - a scroll of identify {unknown}
 i - a scroll of noise {unknown}
Potions
 e - a potion of haste
 g - a potion of curing {unknown}


   Skills:
 - Level 3.0 Fighting
 - Level 1.7 Dodging
 - Level 4.5 Stealth
 + Level 2.4 Unarmed Combat


You couldn't memorise any spells.
You didn't know any spells.
Your spell library was empty.

Dungeon Overview and Level Annotations

Branches:
Dungeon (5/15)
 Temple: D:4-7

Altars:


Message History

There is an open door here.
Found a scroll labelled JOHI AHI MEL.
You see here a scroll labelled JOHI AHI MEL.
c - a scroll labelled JOHI AHI MEL You hear the slow rusting of a drain nearby.
The orc wizard points at you and mumbles some strange words.
The magic dart hits you.
As you read the scroll of fear, it crumbles to dust.
You assume a fearsome visage.
The orc wizard looks frightened!
The orc looks frightened!
The orc wizard gestures wildly while chanting.
The orc wizard flickers and vanishes!
Deactivating autopickup; reactivate with Ctrl-A.
Aiming: Dig
Press: ? - help, Shift-Dir - straight line A rock wall.
The rock shatters into small pieces.
An orc comes into view. It is wielding a +0 club.
Found a scroll labelled HALEH LIECSOU and a chain mail.
A magic dart appears from out of thin air!
The magic dart hits you.
Found a stone staircase leading down.
You barely miss the orc. The orc closely misses you.
You hit the orc but do no damage. The orc hits you with a +0 club.
You closely miss the orc. The orc hits you with a +0 club.
You hit the orc but do no damage. The orc hits you with a +0 club.
Found a pair of gloves.
The orc hits you with a +0 club.
You hit the orc.
The orc is moderately wounded.
The orc hits you with a +0 club.
* * * LOW HITPOINT WARNING * * *
You hit the orc but do no damage.
The orc is moderately wounded.
The orc barely misses you.
You hit the orc.
The orc is heavily wounded.
The orc hits you but does no damage.
A puff of flame appears from out of thin air!
The puff of flame hits you.
You die...

,,*,,,,,,,,,#.......#...##
,,*,,,,,,,,,#.......#....#
,,*,,,,,,,,,#.......#....#
,,*,,,,,,,,,#....[..#....##
,***,,***,,,#.....?o......# *
,***,,***,,,##....{##..#### *
,,,,,,,,,,,,,#.....#....# *
,,,,,,,,,,,,,#..o>.#....# *
,,,,,,,,,,,,,#..@..#....# *
,,,,,,,,,,,,,#.....#.o..# *
,,,,,,,,,,,,,#.....#.{..# *
***,,,**,,,**#.....#...##########
,,*,,,**,,,*,....[##...##...#....
,,*,,,+,,,,*......#.........#....
,,+,,,*,,,,#......#.........#....
,,,,,,,,,,,#......#.........#.>..
,,,,,~,,,,,,,,,,,,#.........#....


You could see 2 orcs.

Vanquished Creatures
  An ufetubus (D:5)
  A kobold (D:4)
2 creatures vanquished.

Notes
Turn   | Place    | Note
-------+----------+-------------------------------------------
     0 | D:5      | Alarkh the Demonspawn Delver began the quest for the Orb.
     0 | D:5      | Reached XP level 1. HP: 18/18 MP: 1/1
    75 | D:5      | Noticed a phantom
   123 | D:4      | Noticed an orc wizard
   188 | D:4      | Killed from afar by an orc wizard

Illustrated notes

Levels and vault maps discovered:
D:4:      layout_gridville, lightli_sewer_entry_pipes, uniq_blork_the_orc
D:5:      layout_rooms

Skill      XL: |  1 |
---------------+----+-----
Unarmed Combat | 2 |  2.4
Fighting       | |  3.0
Dodging        | |  1.7
Stealth        | |  4.5

Action                     || total
---------------------------++-------
  Melee: Unarmed           ||    28
  Evoke: Wand              ||     1
    Use: Scroll            ||     2
         Potion            ||     1
 Armour: Leather armour    ||     4
         Scale mail        ||     3
  Dodge: Dodged            ||    27
